 Dungeon Crawl Stone Soup version 0.23.2-33-g5129a83184 (webtiles) character file.

Game seed: 15939690296640098322

129885 grattegratte the Earth Mage (level 17, -12/104 HPs)
             Began as a Gargoyle Earth Elementalist on Aug 2, 2019.
             Was a High Priest of Vehumet.
             Mangled by a faun
             ... wielding a cursed -2 spear
             ... led by a satyr
              (19 damage)
             ... on level 2 of the Shoals.
             The game lasted 03:25:45 (33611 turns).

grattegratte the Earth Mage (GrEE)                 Turns: 33611, Time: 03:25:46

Health: -12/104    AC: 28    Str: 21    XL:     17   Next: 6%
Magic:  35/43      EV: 11    Int: 40    God:    Vehumet [*****.]
Gold:   3405       SH:  0    Dex: 13    Spells: 15/41 levels left

rFire    + . .     SeeInvis +   v - staff of earth
rCold    + . .     Gourm    .   H - +2 shield of Hide-and-Seek {rF+ rCorr}
rNeg     + + .     Faith    .   O - +1 leather armour of Puefocipt {rC+ Int+6 Dex-4}
rPois    ∞         Spirit   .   W - +3 hat of Pondering {ponderous, MR+ MP+10 Int+5}
rElec    +         Reflect  .   F - +1 cloak
rCorr    +         Harm     .   r - +0 pair of gloves "Suawotukk" {rC- rN+ Str+8 SInv}
MR       ++...                  C - +0 pair of boots
Stlth    +.........             i - amulet of regeneration
HPRegen  0.67/turn              u - ring of Hoatuet {*Contam AC+3 Int+3 Dex+4}
MPRegen  0.28/turn              n - ring of the Jester {rC+ Int+4 Dex+3}

@: confused, about to teleport, flying, slow
A: big wings, negative energy resistance 1, electricity resistance, unbreathing,
petrification resistance, rot immunity, AC +12
a: Stop Flying, Renounce Religion


You were on level 2 of the Shoals.
You worshipped Vehumet.
Vehumet was extremely pleased with you.
You were not hungry.

You visited 5 branches of the dungeon, and saw 26 of its levels.
You also visited: Bailey and Ice Cave.

You collected 3824 gold pieces.
You spent 419 gold pieces at shops.

Inventory:

Hand Weapons
 M - the +3 falchion of Diet Blood {slice, rPois MR- MP+9 Dex+6}
   (You found it on level 14 of the Dungeon)

   It inflicts extra damage upon your enemies.
   It affects your dexterity (+6).
   It protects you from poison.
   It affects your resistance to hostile enchantments.
   It affects your magic capacity (+9).
 N - the +5 demon whip "Enig" {drain, +Rage}
   (You took it off a gnoll sergeant in a bailey)

   A truly terrible weapon, it drains the life of those it strikes.
   It lets you go berserk.
Missiles
 b - 563 stones (quivered)
 p - 3 throwing nets
Armour
 q - the +0 robe of Kleptomania {MR++}
   (You found it on level 1 of the Lair of Beasts)

   It affects your resistance to hostile enchantments.
 r - the +0 pair of gloves "Suawotukk" (worn) {rC- rN+ Str+8 SInv}
   (You found it on level 5 of the Lair of Beasts)

   It affects your strength (+8).
   It makes you vulnerable to cold.
   It protects you from negative energy.
   It lets you see invisible.
 t - a +0 pair of gloves
 C - a +0 pair of boots (worn)
 F - a +1 cloak (worn)
 H - the +2 shield of Hide-and-Seek (worn) {rF+ rCorr}
   (You took it off a hell knight on level 12 of the Dungeon)

   It protects you from fire.
   It provides partial protection from all sources of acid and corrosion.
 O - the +1 leather armour of Puefocipt (worn) {rC+ Int+6 Dex-4}
   (You took it off a gnoll shaman in a bailey)

   It affects your intelligence (+6).
   It affects your dexterity (-4).
   It protects you from cold.
 W - the +3 hat of Pondering (worn) {ponderous, MR+ MP+10 Int+5}
   (You took it off Gastronok on level 8 of the Dungeon)

   It affects your intelligence (+5).
   It affects your resistance to hostile enchantments.
   It affects your magic capacity (+10).
 Y - the +2 leather armour of the Cockroach {rF++ rN+ rCorr Dex+3}
   (You found it on level 1 of the Orcish Mines)

   It affects your dexterity (+3).
   It greatly protects you from fire.
   It protects you from negative energy.
   It provides partial protection from all sources of acid and corrosion.
Magical Staves
 v - an uncursed staff of earth (weapon)
Jewellery
 i - an amulet of regeneration (around neck)
 n - the ring of the Jester (right hand) {rC+ Int+4 Dex+3}
   (You bought it in a shop on level 5 of the Dungeon)

   [ring of dexterity]

   It affects your intelligence (+4).
   It affects your dexterity (+3).
   It protects you from cold.
 u - the ring of Hoatuet (left hand) {*Contam AC+3 Int+3 Dex+4}
   (You took it off an orc on level 13 of the Dungeon)

   [ring of protection]

   It affects your AC (+3).
   It affects your intelligence (+3).
   It affects your dexterity (+4).
   It causes magical contamination when unequipped.
 y - an uncursed amulet of guardian spirit {unknown}
Wands
 h - a wand of flame (15)
 B - a wand of acid (16)
 D - a wand of iceblast (18)
 G - a wand of enslavement (6)
 R - a wand of digging (16)
Scrolls
 a - 8 scrolls of fear
 c - 10 scrolls of teleportation
 e - a scroll of acquirement {unknown}
 j - 8 scrolls of remove curse
 m - 6 scrolls of fog
 o - a scroll of identify
 s - 6 scrolls of amnesia
 E - a scroll of random uselessness {unknown}
 I - 3 scrolls of magic mapping
Potions
 f - 3 potions of haste
 g - 2 potions of magic
 k - a potion of ambrosia
 l - 5 potions of curing
 w - 3 potions of heal wounds
 x - 2 potions of might
 A - a potion of berserk rage {unknown}
 J - 2 potions of mutation {unknown}
 Q - 4 potions of cancellation
 V - 3 potions of brilliance
Comestibles
 d - 37 rations
 z - 3 chunks of flesh


   Skills:
 + Level 11.2 Fighting
 - Level 6.0 Armour
 - Level 4.0 Dodging
 - Level 2.1 Stealth
 - Level 4.1 Shields
 + Level 12.8 Spellcasting
 + Level 14.6 Conjurations
 - Level 0.7 Transmutations
 * Level 12.6 Fire Magic
 + Level 16.1 Earth Magic
 * Level 4.4 Evocations


You had 15 spell levels left.
You knew the following spells:

 Your Spells              Type           Power        Failure   Level  Hunger
a - Sandblast             Erth           ######       0%          1    None
b - Passwall              Tmut/Erth      #######.     1%          2    None
c - Stone Arrow           Conj/Erth      ######       1%          3    None
d - Lee's Rapid Deconstr  Erth           ########..   1%          5    None
e - Sticky Flame          Conj/Fire      #######.     1%          4    None
f - Iron Shot             Conj/Erth      ########..   1%          6    ##.....
g - Bolt of Magma         Conj/Fire/Erth ########..   1%          5    None

Your spell library contained the following spells:

 Spells                   Type           Power        Failure   Level  Hunger
 Poison Arrow             Conj/Pois      ######....   13%         6    ##.....
 Conjure Flame            Conj/Fire      #######.     1%          3    None
 Ignite Poison            Fire/Tmut/Pois ######..     1%          3    None
 Inner Flame              Hex/Fire       ######..     1%          3    None
 Petrify                  Tmut/Erth      #######.     1%          4    None
 Leda's Liquefaction      Hex/Erth       #######...   2%          4    None
 Irradiate                Conj/Tmut      ######....   2%          5    None
 Iskenderun's Battlesphe  Conj/Chrm      ######..     2%          5    None
 Venom Bolt               Conj/Pois      ######....   2%          5    None
 Orb of Destruction       Conj           #######...   3%          7    ####...
 Beastly Appendage        Tmut           ####..       4%          1    None
 Confusing Touch          Hex            ####..       6%          1    None
 Corona                   Hex            ####...      6%          1    None
 Sticks to Snakes         Tmut           ####....     7%          2    None
 Slow                     Hex            ####....     10%         2    None
 Spider Form              Tmut/Pois      ####......   16%         3    None
 Confuse                  Hex            ####....     19%         3    None
 Gell's Gravitas          Tloc           ####......   19%         3    None
 Portal Projectile        Hex/Tloc       ####..       19%         3    None
 Yara's Violent Unravell  Hex/Tmut       ####......   36%         5    None
 Ice Form                 Ice/Tmut       ####....     47%         4    None
 Cause Fear               Hex            ####......   52%         4    None
 Spellforged Servitor     Conj/Summ      ######....   52%         7    ####...
 Blade Hands              Tmut           ####......   77%         5    None
 Metabolic Englaciation   Hex/Ice        ####......   86%         5    None
 Hydra Form               Tmut           ####......   100%        6    ##.....
 Dragon Form              Tmut           ####......   100%        7    ####...
 Statue Form              Tmut/Erth      Unusable     N/A         6    N/A

Dungeon Overview and Level Annotations

Branches:
Dungeon (15/15)            Temple (1/1) D:7            Lair (6/6) D:10
 Shoals (2/4) Lair:2       Spider (0/4) Lair:2        Slime (0/5) Lair:6
    Orc (2/2) D:11            Elf (0/3) Orc:2        Vaults (0/5) D:13
 Depths (0/5) D:15

Altars:
Ashenzari
Cheibriados
Dithmenos
Elyvilon
Fedhas
Gozag
Hepliaklqana
Kikubaaqudgha
Makhleb
Nemelex Xobeh
Okawaru
Qazlal
Ru
Sif Muna
Trog
Uskayaw
Vehumet
Wu Jian
Xom
Yredelemnul
Zin
The Shining One

Shops:
D:5 =   D:8 :   D:10 %   D:11 [(   D:12 (   D:14 (   Orc:2 (?(:   Shoals:2 *

Portals:
Trove: D:10 (give 13 potions of heal wounds)

Annotations:
D:14 Agnes
Shoals:2 Polyphemus


Innate Abilities, Weirdness & Mutations

You are resistant to torment.
Your stone body is resilient. (AC +12)
You are immune to poison.
Your large and strong wings let you fly indefinitely.
You resist negative energy. (rN+)
You are resistant to electric shocks. (rElec)
You can survive without breathing.
You are immune to petrification.
You are immune to rotting.


Message History

You kill the merfolk avatar!
Vehumet accepts your kill.
You feel your power returning.
The faun is engulfed in a cloud of scalding steam.
The faun hits you but does no damage.
Polyphemus throws a large rock.
The large rock hits you!
You hear a splash.
You see here a large rock.
As you read the scroll of teleportation, it crumbles to dust.
You feel strangely unstable. The faun hits you but does no damage.
The faun gestures at you while chanting.
You resist with almost no effort.
Polyphemus throws a large rock.
The large rock hits you!!!
* * * LOW HITPOINT WARNING * * *
You hear a splash.
You are confused.
You feel invigorated. The faun hits you with a +0 spear!
* * * LOW HITPOINT WARNING * * *
The faun hits you from afar with a cursed -2 spear!!
You die...

###.≈≈≈≈≈≈≈≈≈≈≈≈≈≈≈≈## ..≈ #
#..≈≈≈≈≈≈≈≈≈≈≈≈≈.C.##..≈ #
###...≈≈≈≈≈≈(≈≈≈≈≈≈≈≈≈≈≈ #
####..≈≈≈≈≈≈≈≈(≈≈≈≈≈≈≈ ##
##...≈≈≈..(..≈≈≈≈≈≈ .##
#..≈≈≈≈≈≈(.≈≈≈≈..≈P ..###
##.≈≈≈≈≈((≈≈≈≈.≈≈≈≈ (...##
#.≈≈≈≈≈≈≈(§§H§§≈≈≈
.≈<..####.≈≈≈≈≈≈@≈cc≈≈≈≈≈≈≈≈
≈≈≈≈≈≈...≈≈≈≈≈≈≈≈c§≈§≈≈≈≈≈≈≈
≈≈≈≈≈≈≈.≈≈≈≈≈≈≈≈≈≈≈≈§≈≈≈≈≈≈≈
≈≈≈.≈≈≈≈≈≈≈≈≈≈≈≈≈≈§≈§≈≈≈≈≈≈≈
≈≈≈≈≈≈≈≈≈...≈≈≈≈≈≈≈≈≈≈≈≈≈≈..
≈≈≈≈≈≈≈(.###.≈≈≈≈≈≈≈≈≈≈≈....
≈≈≈≈≈≈≈≈## #.≈≈≈≈≈≈.........
≈≈≈≈≈≈≈≈.# #..≈≈≈≈..........
≈≈≈≈≈≈≈†.# #..≈≈≈≈..PP......


You could see Polyphemus, a satyr, 2 fauns and a manticore.

Vanquished Creatures
  Gastronok (D:8)
  A fire giant (Orc:1)
  A merfolk javelineer (Shoals:1)
  A fire dragon (D:15)
  3 merfolk impalers
  Josephine (D:10)
  A deep elf high priest (D:12)
  Snorg (Lair:6)
  3 ettins (Orc:1)
  Harold (D:10)
  5 merfolk avatars
  An ice dragon (D:15)
  9 hydras
  2 catoblepae
  A queen ant (Lair:2)
  3 centaur warriors
  2 dancing weapons (D:13)
  5 two-headed ogres
  A merfolk aquamancer (Shoals:1)
  3 orc high priests (Orc:2)
  17 death yaks
  A hell knight (D:12)
  4 sea snakes
  2 unseen horrors
  A lindwurm (Lair:6)
  6 orc knights
  16 manticores
  4 orc sorcerers (Orc:2)
  16 cyclopes
  4 ugly things
  A deep elf mage (D:13)
  2 fauns
  8 merfolk sirens
  10 elephants (Lair:3)
  2 centaur zombies
  2 ice statues (IceCv)
  3 black mambas
  A water nymph (Shoals:1)
  A black mamba (shapeshifter) (D:15)
  7 spiny frogs
  A spiny frog (shapeshifter) (D:13)
  A rime drake (Lair:6)
  3 komodo dragons
  A queen bee (Lair:1)
  11 merfolk
  The ghost of Descartes the Ruffian, a novice VSTm (D:5)
  8 trolls
  4 polar bears (Lair:6)
  A hornet (shapeshifter) (D:14)
  Prince Ribbit (D:7)
  3 meliai (D:12)
  A wind drake (Shoals:1)
  Grinder (D:6)
  5 hornets
  4 slime creatures (D:15)
  14 dream sheep
  A hippogriff (shapeshifter) (D:12)
  3 snapping turtles
  13 hippogriffs
  2 water elementals (Shoals:1)
  14 spriggans
  2 shadows (D:11)
  A vampire (D:14)
  2 wyverns
  7 wraiths
  50 yaks
  Sigmund (D:2)
  Eustachio (D:6)
  A basilisk (Lair:3)
  5 hungry ghosts
  6 vampire mosquitoes
  8 wargs
  An acid dragon (D:13)
  7 soldier ants
  Duvessa (D:7)
  8 water moccasins
  6 porcupines
  22 orc warriors
  2 eyes of draining
  3 sky beasts
  6 black bears
  15 ice beasts
  A phantom (D:13)
  5 boggarts (Lair:6)
  3 necrophages
  15 ogres
  37 wolves
  12 crocodiles
  16 centaurs
  2 big kobolds
  20 bullfrogs
  A wyvern zombie (D:12)
  8 gnoll sergeants (Bailey)
  A wyvern skeleton (D:14)
  A water moccasin skeleton (D:8)
  3 scorpions
  Dowan (D:7)
  34 killer bees
  5 wights
  10 howler monkeys
  2 lava snakes (Orc:1)
  4 crimson imps
  4 quasits
  2 bullfrog zombies
  Crazy Yiuf (D:2)
  14 orc priests
  8 hounds
  7 jellies
  4 bullfrog skeletons
  8 centaur skeletons
  6 gnoll shamans (Bailey)
  26 orc wizards
  An iguana (D:5)
  3 hell rats (Lair:3)
  24 worker ants
  A hound zombie (D:6)
  3 hound skeletons
  Robin (D:2)
  A howler monkey zombie (D:5)
  A worker ant zombie (D:6)
  11 adders
  16 gnolls
  4 river rats (Lair:3)
  3 shadow imps
  12 white imps (Lair:6)
  9 oozes
  2 adder zombies
  2 adder skeletons (D:4)
  6 worms
  3 dart slugs
  5 leopard geckos
  71 orcs
  6 ball pythons
  6 bats
  12 giant cockroaches
  14 goblins
  11 hobgoblins
  20 jackals
  20 kobolds
  2 quokkas
  2 frilled lizards
  A quokka skeleton (D:4)
  11 rats
  2 fungi (Lair:5)
  23 plants
972 creatures vanquished.

Vanquished Creatures (others)
  A rime drake (Lair:6)
  A bush (D:8)
  13 fungi
  15 plants
30 creatures vanquished.

Grand Total: 1002 creatures vanquished

Notes
Turn   | Place    | Note
-------+----------+-------------------------------------------
     0 | D:1      | grattegratte the Gargoyle Earth Elementalist began the
                  | quest for the Orb.
     0 | D:1      | Reached XP level 1. HP: 10/10 MP: 3/3
    82 | D:1      | Reached skill level 4 in Earth Magic
    82 | D:1      | Reached XP level 2. HP: 11/15 MP: 0/5
   509 | D:1      | Reached XP level 3. HP: 19/19 MP: 6/6
   977 | D:1      | You fall through a shaft!
  1150 | D:1      | Reached XP level 4. HP: 23/24 MP: 8/8
  1160 | D:1      | Learned a level 2 spell: Passwall
  1654 | D:2      | Noticed Sigmund
  1785 | D:2      | Reached skill level 5 in Earth Magic
  1807 | D:2      | Learned a level 3 spell: Stone Arrow
  1881 | D:2      | Found a runed translucent door.
  1882 | D:2      | Noticed Crazy Yiuf
  2158 | D:2      | Noticed Robin
  2165 | D:2      | Killed Robin
  2279 | D:2      | Reached XP level 5. HP: 24/28 MP: 10/10
  3265 | D:3      | Found a faded altar of an unknown god.
  3395 | D:2      | Killed Sigmund
  3395 | D:2      | Reached skill level 6 in Earth Magic
  3395 | D:2      | Reached XP level 6. HP: 32/32 MP: 4/12
  3479 | D:2      | Killed Crazy Yiuf
  3859 | D:4      | Reached skill level 7 in Earth Magic
  3859 | D:4      | Reached XP level 7. HP: 32/36 MP: 14/14
  4011 | D:4      | Reached skill level 5 in Spellcasting
  4210 | D:5      | Entered Level 5 of the Dungeon
  4405 | D:5      | Found a runed translucent door.
  4414 | D:5      | Noticed Descartes's ghost (novice VSTm)
  4465 | D:5      | Killed Descartes's ghost
  4465 | D:5      | Reached skill level 8 in Earth Magic
  4465 | D:5      | Reached XP level 8. HP: 31/41 MP: 10/17
  4531 | D:5      | Found a runed translucent door.
  4738 | D:5      | Found Ugricouck's Jewellery Boutique.
  4987 | D:5      | Reached skill level 1 in Conjurations
  4987 | D:5      | Reached skill level 9 in Earth Magic
  5458 | D:6      | Noticed Grinder
  5459 | D:6      | Got a faintly glowing ring mail
  5478 | D:6      | Killed Grinder
  5492 | D:6      | Reached XP level 9. HP: 45/45 MP: 9/19
  5627 | D:6      | Noticed Eustachio
  5637 | D:6      | Killed Eustachio
  5688 | D:6      | Reached skill level 5 in Conjurations
  5887 | D:6      | Identified the +4 ring mail "Utesim" {*Drain rElec Dex+3}
                  | (You found it on level 6 of the Dungeon)
  6223 | D:6      | Reached skill level 10 in Earth Magic
  6341 | D:6      | Learned a level 5 spell: Lee's Rapid Deconstruction
  6469 | D:7      | Noticed Prince Ribbit
  6488 | D:7      | Killed Prince Ribbit
  6655 | D:7      | Noticed Dowan
  6662 | D:7      | Killed Dowan
  6665 | D:7      | Noticed Duvessa
  6673 | D:7      | Killed Duvessa
  6862 | D:7      | Found a staircase to the Ecumenical Temple.
  6869 | Temple   | Entered the Ecumenical Temple
  6970 | Temple   | Became a worshipper of Vehumet
  7059 | D:7      | Reached XP level 10. HP: 47/50 MP: 21/21
  7263 | D:8      | Found a flagged portal.
  7310 | Bailey   | Entered a bailey
  7326 | Bailey   | Reached * piety under Vehumet
  7326 | Bailey   | Offered knowledge of Magic Dart by Vehumet.
  7545 | Bailey   | Reached skill level 11 in Earth Magic
  7589 | Bailey   | Identified the +5 demon whip "Enig" {drain, +Rage}
  7687 | Bailey   | Identified the +1 leather armour of Puefocipt {rC+ Int+6
                  | Dex-4}
  8146 | D:8      | Found Higilyvu's Book Emporium.
  8437 | D:8      | Noticed Gastronok
  8452 | D:8      | Killed Gastronok
  8452 | D:8      | Reached skill level 10 in Conjurations
  8452 | D:8      | Reached XP level 11. HP: 17/54 MP: 16/24
  8554 | D:8      | Found a shattered altar of Ashenzari.
  8618 | D:8      | Found a bloodstained altar of Trog.
  8660 | D:8      | Offered knowledge of Throw Flame by Vehumet.
  8916 | D:8      | Reached ** piety under Vehumet
  9045 | D:8      | Reached skill level 1 in Fighting
  9045 | D:8      | Reached skill level 1 in Armour
  9194 | D:8      | Reached skill level 12 in Earth Magic
  9795 | D:9      | Got a twisted leather armour
  9801 | D:9      | Offered knowledge of Mephitic Cloud by Vehumet.
  9913 | D:9      | Noticed a two-headed ogre
  9915 | D:9      | Killed a two-headed ogre
 10367 | D:10     | Entered Level 10 of the Dungeon
 10488 | D:10     | Noticed Josephine
 10631 | D:10     | Killed Josephine
 10631 | D:10     | Reached *** piety under Vehumet
 10768 | D:10     | Noticed Harold
 10776 | D:10     | Killed Harold
 10776 | D:10     | Reached XP level 12. HP: 67/67 MP: 13/25
 10919 | D:10     | Found Zithevar's Food Shoppe.
 11184 | D:10     | Found a portal to a secret trove of treasure.
 11306 | D:10     | Offered knowledge of Force Lance by Vehumet.
 11325 | D:10     | Reached skill level 5 in Armour
 11463 | D:10     | Found a staircase to the Lair.
 11661 | D:10     | Identified the +0 leather armour of the Skies Above {MR-
                  | rCorr Str+5 Int+3} (You found it on level 9 of the Dungeon)
 11700 | D:11     | Reached skill level 5 in Fighting
 11718 | D:11     | Reached skill level 10 in Spellcasting
 12069 | D:11     | Reached **** piety under Vehumet
 12097 | D:11     | Offered knowledge of Sticky Flame by Vehumet.
 12111 | D:10     | Reached skill level 13 in Earth Magic
 12128 | D:11     | Learned a level 4 spell: Sticky Flame
 12156 | D:11     | Reached skill level 1 in Fire Magic
 12350 | D:11     | Found Leneazu's Weapon Boutique.
 12587 | D:11     | Found Igohin's Armour Boutique.
 12684 | D:11     | Found a staircase to the Orcish Mines.
 12753 | D:12     | Noticed a centaur warrior
 13052 | D:12     | Reached ***** piety under Vehumet
 13147 | D:12     | Offered knowledge of Iron Shot by Vehumet.
 13158 | D:12     | Killed a centaur warrior
 13467 | D:12     | Found Puraunni's Weapon Shoppe.
 13486 | D:12     | Noticed a two-headed ogre
 13574 | D:12     | Killed a two-headed ogre
 13574 | D:12     | Reached XP level 13. HP: 75/75 MP: 22/27
 13796 | D:12     | Identified the +2 shield of Hide-and-Seek {rF+ rCorr}
 13879 | D:12     | Noticed a deep elf high priest
 13881 | D:12     | Killed a deep elf high priest
 13881 | D:12     | Reached skill level 5 in Fire Magic
 13950 | D:12     | Learned a level 6 spell: Iron Shot
 14211 | D:12     | Reached skill level 1 in Shields
 14454 | Lair:1   | Entered Level 1 of the Lair of Beasts
 14806 | Lair:1   | Got a crude robe
 15467 | D:10     | Identified the +0 robe of Kleptomania {MR++} (You found it
                  | on level 1 of the Lair of Beasts)
 15626 | Lair:2   | Offered knowledge of Airstrike by Vehumet.
 15766 | Lair:2   | You fall through a shaft for 2 floors!
 16373 | Lair:3   | Reached skill level 14 in Earth Magic
 16509 | Lair:3   | Gained mutation: Your large and strong wings let you fly
                  | indefinitely. [Gargoyle growth]
 16509 | Lair:3   | Reached XP level 14. HP: 83/83 MP: 10/29
 17014 | Lair:2   | Found a hole to the Spider Nest.
 17175 | Lair:2   | Found a staircase to the Shoals.
 18496 | Lair:3   | Got a heavily runed ring mail
 18873 | D:10     | Identified the cursed +1 ring mail of the Storm King {rN+}
                  | (You found it on level 3 of the Lair of Beasts)
 19022 | Lair:4   | Offered knowledge of Bolt of Magma by Vehumet.
 20143 | Lair:5   | Learned a level 5 spell: Bolt of Magma
 20207 | Lair:5   | Got a pair of slimy gloves
 21562 | Lair:5   | Identified the cursed +0 pair of gloves "Suawotukk" {rC-
                  | rN+ Str+8 SInv} (You found it on level 5 of the Lair of
                  | Beasts)
 21563 | Lair:6   | Entered Level 6 of the Lair of Beasts
 21633 | Lair:6   | Found a staircase to the Slime Pits.
 21667 | Lair:6   | Found a frozen archway.
 21808 | IceCv    | Entered an ice cave
 21809 | IceCv    | Found a transporter.
 21950 | IceCv    | Found a transporter.
 22143 | Lair:6   | Found a bloodstained altar of Trog.
 22225 | Lair:6   | Noticed Snorg
 22236 | Lair:6   | Killed Snorg
 22236 | Lair:6   | Reached XP level 15. HP: 71/90 MP: 14/30
 22717 | Lair:5   | Reached skill level 10 in Fire Magic
 22803 | Lair:6   | Reached skill level 15 in Earth Magic
 23983 | Lair:6   | Got a sheer robe
 24203 | D:10     | Identified the +2 robe of Gozag's Envy {rC+ Dex+3} (You
                  | found it on level 6 of the Lair of Beasts)
 24868 | D:13     | Offered knowledge of Freezing Cloud by Vehumet.
 24980 | D:13     | Reached skill level 10 in Fighting
 25134 | D:13     | Identified the ring of Hoatuet {*Contam AC+3 Int+3 Dex+4}
 25217 | D:13     | Found a gate to the Vaults.
 25413 | D:13     | Identified the cursed +1 war axe of Evolution {chop, rElec}
 25496 | D:13     | Reached ****** piety under Vehumet
 26012 | D:14     | Identified Qokiaju's Incunabulum of the Blaze and
                  | Transmigration
 26191 | D:14     | Noticed Agnes
 26307 | D:14     | Got a polished falchion
 26541 | D:14     | Found Biedytos's Antique Weapon Emporium.
 26605 | D:15     | Entered Level 15 of the Dungeon
 26739 | D:15     | Found a staircase to the Depths.
 27706 | D:5      | Bought the ring of the Jester {rC+ Int+4 Dex+3} for 419
                  | gold pieces
 27819 | D:10     | Identified the +3 falchion of Diet Blood {slice, rPois MR-
                  | MP+9 Dex+6} (You found it on level 14 of the Dungeon)
 27918 | Orc:1    | Entered Level 1 of the Orcish Mines
 28045 | Orc:1    | Reached XP level 16. HP: 87/98 MP: 32/32
 28167 | Orc:1    | Offered knowledge of Spellforged Servitor by Vehumet.
 29237 | Orc:1    | Identified the cursed +1 lajatang "Teudwut" {slice, rN+
                  | Str+3 Dex+4}
 29444 | Orc:1    | Got a polished chain mail
 29447 | Orc:1    | Got a faintly humming leather armour
 29531 | Orc:2    | Entered Level 2 of the Orcish Mines
 29665 | D:10     | Identified the cursed +0 chain mail "Owkaedaf" {Slay+2}
                  | (You found it on level 1 of the Orcish Mines)
 29691 | D:10     | Identified the +2 leather armour of the Cockroach {rF++ rN+
                  | rCorr Dex+3} (You found it on level 1 of the Orcish Mines)
 29903 | Orc:2    | Found a staircase to the Elven Halls.
 29954 | Orc:2    | Found Qirireem's Book Emporium.
 29970 | Orc:2    | Reached skill level 1 in Evocations
 30670 | Orc:2    | Found Pavovvij's Antique Weapon Emporium.
 30699 | Orc:2    | Found Hawecu Nifum's Magic Scroll Shop.
 30705 | Orc:2    | Found Ruucviv's Antique Weapon Shop.
 30836 | Orc:2    | Offered knowledge of Poison Arrow by Vehumet.
 31480 | Shoals:1 | Entered Level 1 of the Shoals
 32626 | Shoals:1 | Reached skill level 16 in Earth Magic
 32978 | Shoals:2 | Noticed Polyphemus
 33318 | Shoals:2 | Found Biwod's Assorted Antiques.
 33422 | Shoals:2 | Reached XP level 17. HP: 104/104 MP: 30/33
 33611 | Shoals:2 | Mangled by a faun

Skill      XL: |  1  2  3  4  5  6  7  8  9 10 11 12 13 14 15 16 |
---------------+-------------------------------------------------+-----
Earth Magic    | 4 5 6 7 8 9 10 11 12 13 14 15 16 | 16.1
Spellcasting   | 3 4 6 7 9 10 11 12 | 12.8
Conjurations   | 4 7 10 11 12 13 14 | 14.6
Fighting       | 4 6 7 9 10 11 | 11.2
Armour         | 4 6 |  6.0
Fire Magic     | 4 7 9 11 12 | 12.6
Shields        | 4 |  4.1
Dodging        | 3 4 |  4.0
Evocations     | 4 |  4.4
Stealth        | |  2.1
Transmutations | |  0.7

Action                   |  1- 3 |  4- 6 |  7- 9 | 10-12 | 13-15 | 16-18 || total
-------------------------+-------+-------+-------+-------+-------+-------++-------
Melee: Spear             |   100 |   341 |   151 |       |       |       ||   592
       Unarmed           |     3 |       |       |       |       |       ||     3
       Dagger            |       |       |   347 |    93 |       |       ||   440
       Demon whip        |       |       |       |   218 |   447 |       ||   665
       Falchion          |       |       |       |       |     4 |    32 ||    36
       Staff             |       |       |       |       |       |    51 ||    51
 Cast: Sandblast         |    20 |     9 |    80 |    70 |     5 |       ||   184
       Stone Arrow       |       |     2 |    10 |   156 |   175 |    19 ||   362
       Lee's Rapid Decon |       |       |       |    56 |   148 |    53 ||   257
       Passwall          |       |       |       |     3 |       |     1 ||     4
       Sticky Flame      |       |       |       |     3 |     6 |       ||     9
       Iron Shot         |       |       |       |       |   103 |     7 ||   110
       Bolt of Magma     |       |       |       |       |    40 |   124 ||   164
 Abil: Fly               |       |       |       |       |     1 |       ||     1
  Use: Scroll            |       |     2 |     1 |     6 |    16 |     2 ||    27
       Potion            |       |       |       |       |       |     1 ||     1
 Stab: Sleeping          |     5 |    10 |     3 |       |     1 |       ||    19
       Distracted        |       |       |       |     1 |       |       ||     1
  Eat: Chunk             |     1 |     9 |    11 |    28 |    47 |    19 ||   115
       Ration            |       |       |       |       |     7 |       ||     7
Armor: Robe              |    26 |    87 |   199 |       |       |       ||   312
       Ring mail         |       |       |    89 |    98 |       |       ||   187
       Leather armour    |       |       |       |   189 |   304 |    53 ||   546
Dodge: Dodged            |    63 |   154 |   412 |   285 |   215 |    47 ||  1176
Block: Shield            |       |       |       |       |   292 |    89 ||   381
       Rpst.: Falchion   |       |       |       |       |     5 |     4 ||     9
